 Dungeon Crawl Stone Soup version 0.31.0-11-ge490571c62 (webtiles) character file.

Game seed: 15590803416779046035

67 qw the Shooter (level 3, 0/20 HPs)
             Began as a Deep Elf Hunter on Feb 3, 2024.
             Slain by a gnoll
             ... wielding a +0 spear
              (5 damage)
             ... on level 2 of the Dungeon.
             The game lasted 00:00:04 (1235 turns).

qw the Shooter (Deep Elf Hunter)                    Turns: 1235, Time: 00:00:05

Health: 0/20       AC:  5    Str: 10    XL:     3   Next: 98%
Magic:  5/5        EV: 11    Int: 13    God:
Gold:   50         SH:  0    Dex: 18    Spells: 2/2 levels left

rFire   . . .        a - +0 shortbow
rCold   . . .        (shield currently unavailable)
rNeg    . . .        e - +0 ring mail
rPois   .            (no helmet)
rElec   .            (no cloak)
rCorr   .            (no gloves)
SInv    .            (no boots)
Will    .....        g - amulet of regeneration
Stlth   +            (no ring)
HPRegen 1.03/turn    (no ring)
MPRegen 0.09/turn

%: no passive effects
@: no status effects
A: no striking features
a: no special abilities


You were on level 2 of the Dungeon.
You visited 1 branch of the dungeon, and saw 2 of its levels.

You collected 50 gold pieces.


   Skills:
 - Level 1.5 Fighting
 + Level 7.4 Ranged Weapons
 - Level 2.4 Dodging
 - Level 1.2 Stealth


You had 2 spell levels left.
You didn't know any spells.
Your spell library was empty.

Inventory:

Hand Weapons
 a - a +0 shortbow (weapon)
Armour
 e - a +0 ring mail (worn)
Jewellery
 c - a +6 ring of intelligence
 g - an amulet of regeneration (around neck)
Scrolls
 b - a scroll of amnesia {unknown}
 f - 3 scrolls of enchant weapon {unknown}
 j - 3 scrolls of revelation {unknown}
Potions
 d - a potion of heal wounds {unknown}
 h - a potion of cancellation {unknown}
 i - a potion of enlightenment
 k - a potion of haste {unknown}

Dungeon Overview and Level Annotations

Branches:
Dungeon (2/15)

Altars:


Message History

Enter note:
Enter note:
Enter note:
Enter note:
Enter note:
1224 ||| RETREEEEATING.
You shoot an arrow. The arrow barely misses the gnoll.
You shoot an arrow. The gnoll shouts! x2
The arrow hits the gnoll but does no damage.
The gnoll is severely wounded.
You shoot an arrow.
The arrow hits the gnoll but does no damage.
The gnoll is severely wounded.
You shoot an arrow. The arrow hits the gnoll!
You kill the gnoll!
Enter note:
Enter note:
Enter note:
1229 ||| RETREEEEATING.
Enter note:
Enter note:
Enter note:
1230 ||| RETREEEEATING.
The gnoll hits you with a +0 spear.
You shoot an arrow. The arrow hits the gnoll.
The gnoll is lightly wounded.
The gnoll hits you with a +0 spear.
You shoot an arrow. The arrow hits the gnoll.
The gnoll is moderately wounded.
The gnoll hits you with a +0 spear.
You shoot an arrow. The arrow hits the gnoll.
The gnoll is heavily wounded.
The gnoll hits you with a +0 spear! The gnoll hits you with a +0 spear.
You shoot an arrow. The arrow barely misses the gnoll. x2
The gnoll completely misses you.
You shoot an arrow. The arrow barely misses the gnoll.
The arrow hits the gnoll but does no damage.
The gnoll hits you with a +0 spear.
You die...

...# ...#..#...# #.#
####...###.##.#.#######.######
.............................#
####...###.##...#######.####.#
#.......g.......##.........#.#
.......................>##.#.#
#.##.......................#.#
#.##...##.#.#..##g....#.#..#)#
#.##..........gg@............#
..##..###...#.###.##.....#.###
#...........#..............#
#.##.#.........##.##..#..###
#.##.#.##...##.##.##..#..#
#.##.#.#######.##.##..#..######
#.##...........##.##..........#
..####.##.......#.###...#####.#
..#######.......#.# #.........#


You could see 3 gnolls.

Vanquished Creatures
  Jessica (D:2)
  A gnoll (D:2)
  A dart slug (D:1)
  3 bats
  6 endoplasms
  2 giant cockroaches (D:2)
  4 goblins (D:2)
  A hobgoblin (D:2)
  2 kobolds
  2 quokkas (D:1)
  A ball python (D:1)
  2 rats
26 creatures vanquished.

Notes
Turn   | Place    | Note
-------+----------+-------------------------------------------
     0 | D:1      | qw the Deep Elf Hunter began the quest for the Orb.
     0 | D:1      | Reached XP level 1. HP: 12/12 MP: 3/3
     0 | D:1      | 0 ||| qw: Version: 0.3-a-155-g5e7d8dd
     0 | D:1      | 0 ||| qw: Game counter: 3201
     0 | D:1      | 0 ||| qw: Melee chars always use a shield: true
     0 | D:1      | 0 ||| qw: God list: Okawaru
     0 | D:1      | 0 ||| qw: Allow faded altars: false
     0 | D:1      | 0 ||| qw: Do Orc after clearing Dungeon:15 true
     0 | D:1      | 0 ||| qw: Do second Lair branch before Depths: true
     0 | D:1      | 0 ||| qw: Lair rune preference: random
     0 | D:1      | 0 ||| qw: Goals: Normal
     0 | D:1      | 0 ||| PLANNING D:1-11
   214 | D:1      | Reached XP level 2. HP: 16/16 MP: 4/4
   220 | D:1      | Reached skill level 6 in Ranged Weapons
   695 | D:1      | 695 ||| UPGRADING to +0 ring mail.
   705 | D:1      | 705 ||| DROPPING +0 leather armour.
   706 | D:1      | 706 ||| UPGRADING to amulet of the acrobat.
   711 | D:1      | 711 ||| UPGRADING to amulet of regeneration.
   721 | D:1      | 721 ||| DROPPING amulet of the acrobat.
   722 | D:1      | 722 ||| READING scroll labelled WOAL JONTOT.
   823 | D:1      | 823 ||| READING scroll labelled BOQIWY RIPYN.
   824 | D:1      | 824 ||| DRINKING 2 fuming orange potions.
   825 | D:1      | 825 ||| DROPPING scroll of butterflies.
   863 | D:2      | Noticed Jessica
   867 | D:2      | Killed Jessica
   868 | D:2      | Reached XP level 3. HP: 18/20 MP: 5/5
   884 | D:2      | Reached skill level 7 in Ranged Weapons
  1224 | D:2      | 1224 ||| RETREEEEATING.
  1229 | D:2      | 1229 ||| RETREEEEATING.
  1230 | D:2      | 1230 ||| RETREEEEATING.
  1233 | D:2      | HP: 3/20 [gnoll/+0 spear (6)]
  1235 | D:2      | Slain by a gnoll

Levels and vault maps discovered:
D:1:      lightli_iron_boxes, layout_basic
D:2:      layout_basic, uniq_jessica

Skill      XL: |  1  2  3 |
---------------+----------+-----
Ranged Weapons | 6 7 |  7.4
Fighting       | |  1.5
Dodging        | |  2.4
Stealth        | |  1.2

Action                     || total
---------------------------++-------
   Fire: Shortbow          ||    63
    Use: Scroll            ||     2
         Potion            ||     1
 Armour: Leather armour    ||     1
         Ring mail         ||    10
  Dodge: Dodged            ||     5

Table legend:
 A = Non-vault XP
 B = Vault XP
 C = Vault XP percentage of total XP
 D = Non-vault monster count
 E = Vault monster count
 F = Vault count percentage of total count
                 A         B        C        D         E       F
            +---------+---------+-------+---------+---------+-------
      Total |      59 |      37 |  38.5 |      25 |       1 |   3.8
            +---------+---------+-------+---------+---------+-------
        D:1 |      25 |       0 |   0.0 |      13 |       0 |   0.0
        D:2 |      34 |      37 |  52.1 |      12 |       1 |   7.7
            +---------+---------+-------+---------+---------+-------
